TOP OF THE 1ST |
Miami Marlins batting - Pitching for Milwaukee Brewers : RHP Hisashi Iwakuma
|
Pitching: RHP Hisashi Iwakuma
|
|
Batting: LHB David Dahl
|
0-0: Ball 1-0: Ball 2-0: Ball 3-0: Called Strike 3-1: Foul Ball, location: 2F 3-2: SOLO HOME RUN (Flyball, 9LD), Distance : 342 ft
|
Batting: RHB Javier Baez
|
0-0: SINGLE (Flyball, 89M)
|
Batting: SHB Francisco Lindor
|
0-0: Ball 1-0: Called Strike 1-1: Called Strike 1-2: Strikes out looking
|
Batting: RHB C.J. Cron
|
0-0: Fielders Choice at 2nd, 6-4 (Groundball, 6D)
|
Batting: LHB Max Kepler
|
0-0: Foul Ball, location: 2F 0-1: Fly out, F9 (Flyball, 9D)
|
Top of the 1st over - 1 run, 2 hits, 0 errors, 1 left on base; Miami 1 - Milwaukee 0 |
BOTTOM OF THE 1ST |
Milwaukee Brewers batting - Pitching for Miami Marlins : RHP Drew Hutchison
|
Pitching: RHP Drew Hutchison
|
|
Batting: RHB Eugenio Suarez
|
0-0: Ball 1-0: Fly out, F8 (Flyball, 8RXD)
|
Batting: RHB Aaron Judge
|
0-0: Ball 1-0: Called Strike 1-1: Foul Ball, location: 2F 1-2: Ball 2-2: Foul Ball, location: 2F 2-2: Fly out, F8 (Flyball, 8LM)
|
Batting: RHB Miguel Cabrera
|
0-0: Ball 1-0: Ball 2-0: Ball 3-0: Base on Balls
|
Batting: RHB Logan Forsythe
|
0-0: Called Strike Miguel Cabrera steals 2nd base 0-1: Foul Ball, location: 2F 0-2: Ball 1-2: Ground out 1-3 (Groundball, P)
|
Bottom of the 1st over - 0 runs, 0 hits, 0 errors, 1 left on base; Miami 1 - Milwaukee 0 |
TOP OF THE 2ND |
Miami Marlins batting - Pitching for Milwaukee Brewers : RHP Hisashi Iwakuma
|
Batting: LHB Adam Frazier
|
0-0: Fly out, F2 (Popup, 23F)
|
Batting: RHB David Wright
|
0-0: Foul Ball, location: 2F 0-1: Ball 1-1: Ball 2-1: Called Strike 2-2: Foul Ball, location: 2F 2-2: Foul Ball, location: 2F 2-2: Strikes out swinging, 2-3 out at first.
|
Batting: RHB Martin Maldonado
|
0-0: Ball 1-0: Fly out, F7 (Flyball, 7D)
|
Top of the 2nd over - 0 runs, 0 hits, 0 errors, 0 left on base; Miami 1 - Milwaukee 0 |
BOTTOM OF THE 2ND |
Milwaukee Brewers batting - Pitching for Miami Marlins : RHP Drew Hutchison
|
Batting: LHB Seth Smith
|
0-0: Called Strike 0-1: Foul Ball, location: 2F 0-2: Foul Ball, location: 2F 0-2: Fly out, F7 (Flyball, 78D)
|
Batting: RHB Addison Russell
|
0-0: Ball 1-0: Fly out, F9 (Flyball, 9LM)
|
Batting: SHB Tucker Barnhart
|
0-0: Swinging Strike 0-1: Ball 1-1: Called Strike 1-2: Ball 2-2: Ball 3-2: Foul Ball, location: 2F 3-2: Base on Balls
|
Batting: RHB Hisashi Iwakuma
|
0-0: Ground out 4-3 (Groundball, 4MS)
|
Bottom of the 2nd over - 0 runs, 0 hits, 0 errors, 1 left on base; Miami 1 - Milwaukee 0 |
TOP OF THE 3RD |
Miami Marlins batting - Pitching for Milwaukee Brewers : RHP Hisashi Iwakuma
|
Batting: LHB Drew Hutchison
|
0-0: Ball 1-0: Called Strike 1-1: Called Strike 1-2: Ball 2-2: Foul Ball, location: 2F 2-2: Ground out 6-3 (Groundball, 56)
|
Batting: LHB David Dahl
|
0-0: Ball 1-0: Called Strike 1-1: Called Strike 1-2: Ball 2-2: Foul Ball, location: 2F 2-2: Ball 3-2: Strikes out swinging
|
Batting: RHB Javier Baez
|
0-0: Fly out, F8 (Flyball, 8RD)
|
Top of the 3rd over - 0 runs, 0 hits, 0 errors, 0 left on base; Miami 1 - Milwaukee 0 |
BOTTOM OF THE 3RD |
Milwaukee Brewers batting - Pitching for Miami Marlins : RHP Drew Hutchison
|
Batting: RHB Trayce Thompson
|
0-0: Ball 1-0: Foul Ball, location: 2F 1-1: DOUBLE (Line Drive, 9LD)
|
Batting: RHB Eugenio Suarez
|
0-0: Ball 1-0: Ball Wild Pitch! Trayce Thompson to third 2-0: Called Strike 2-1: SINGLE (Groundball, 56D) Trayce Thompson scores
|
Batting: RHB Aaron Judge
|
0-0: Called Strike 0-1: Swinging Strike 0-2: Ball Wild Pitch! Eugenio Suarez to second 1-2: 2-RUN HOME RUN (Flyball, 7LD), Distance : 360 ft
|
Batting: RHB Miguel Cabrera
|
0-0: Ground out 5-3 (Groundball, 56)
|
Batting: RHB Logan Forsythe
|
0-0: Ball 1-0: Called Strike 1-1: Called Strike 1-2: Ball 2-2: Strikes out swinging
|
Batting: LHB Seth Smith
|
0-0: Called Strike 0-1: Ball 1-1: Ground out 6-3 (Groundball, 6M)
|
Bottom of the 3rd over - 3 runs, 3 hits, 0 errors, 0 left on base; Miami 1 - Milwaukee 3 |
TOP OF THE 4TH |
Miami Marlins batting - Pitching for Milwaukee Brewers : RHP Hisashi Iwakuma
|
Batting: SHB Francisco Lindor
|
0-0: Fly out, F7 (Flyball, 7)
|
Batting: RHB C.J. Cron
|
0-0: Called Strike 0-1: Ball 1-1: Ball 2-1: Foul Ball, location: 2F 2-2: Foul Ball, location: 2F 2-2: Ball 3-2: Ground out 6-3 (Groundball, 6)
|
Batting: LHB Max Kepler
|
0-0: Foul Ball, location: 2F 0-1: SINGLE (Line Drive, 78M)
|
Batting: LHB Adam Frazier
|
0-0: Ball 1-0: Ball 2-0: Ground out 4-3 (Groundball, 4)
|
Top of the 4th over - 0 runs, 1 hit, 0 errors, 1 left on base; Miami 1 - Milwaukee 3 |
BOTTOM OF THE 4TH |
Milwaukee Brewers batting - Pitching for Miami Marlins : RHP Drew Hutchison
|
Batting: RHB Addison Russell
|
0-0: Ball 1-0: Ball 2-0: Fly out, F8 (Line Drive, 8RM)
|
Batting: SHB Tucker Barnhart
|
0-0: Ball 1-0: Ball 2-0: Ball 3-0: Base on Balls
|
Batting: RHB Hisashi Iwakuma
|
0-0: Called Strike 0-1: Ball 1-1: Grounds into double play, 4-6-3 (Groundball, 4)
|
Bottom of the 4th over - 0 runs, 0 hits, 0 errors, 0 left on base; Miami 1 - Milwaukee 3 |
TOP OF THE 5TH |
Miami Marlins batting - Pitching for Milwaukee Brewers : RHP Hisashi Iwakuma
|
Batting: RHB David Wright
|
0-0: Fly out, F9 (Flyball, 89S)
|
Batting: RHB Martin Maldonado
|
0-0: Foul Ball, location: 2F 0-1: Ball 1-1: Ball 2-1: SINGLE (Flyball, 78S)
|
Batting: LHB Drew Hutchison
|
0-0: Fielders Choice at 2nd, 1-6 (Groundball, 34S)
|
Batting: LHB David Dahl
|
0-0: Fly out, F7 (Flyball, 7)
|
Top of the 5th over - 0 runs, 1 hit, 0 errors, 1 left on base; Miami 1 - Milwaukee 3 |
BOTTOM OF THE 5TH |
Milwaukee Brewers batting - Pitching for Miami Marlins : RHP Drew Hutchison
|
Batting: RHB Trayce Thompson
|
0-0: Ball 1-0: Ball 2-0: Swinging Strike 2-1: Swinging Strike 2-2: Strikes out looking
|
Batting: RHB Eugenio Suarez
|
0-0: Ball 1-0: Fly out, F9 (Flyball, 89S)
|
Batting: RHB Aaron Judge
|
0-0: Ball 1-0: Called Strike 1-1: Ball 2-1: SOLO HOME RUN (Flyball, 7D), Distance : 381 ft
|
Batting: RHB Miguel Cabrera
|
0-0: Called Strike 0-1: Ball 1-1: Fly out, F8 (Line Drive, 8RM)
|
Bottom of the 5th over - 1 run, 1 hit, 0 errors, 0 left on base; Miami 1 - Milwaukee 4 |
TOP OF THE 6TH |
Miami Marlins batting - Pitching for Milwaukee Brewers : RHP Hisashi Iwakuma
|
Batting: RHB Javier Baez
|
0-0: Ball 1-0: Ground out 6-3 (Groundball, 6)
|
Batting: SHB Francisco Lindor
|
0-0: Ball 1-0: Called Strike 1-1: Ball 2-1: Ground out U3 (Groundball, 3S)
|
Batting: RHB C.J. Cron
|
0-0: Called Strike 0-1: Fly out, F8 (Flyball, 78D)
|
Top of the 6th over - 0 runs, 0 hits, 0 errors, 0 left on base; Miami 1 - Milwaukee 4 |
BOTTOM OF THE 6TH |
Milwaukee Brewers batting - Pitching for Miami Marlins : RHP Drew Hutchison
|
Pitching: RHP Tyler Clippard
|
|
Batting: RHB Logan Forsythe
|
0-0: Called Strike 0-1: Ground out 4-3 (Groundball, 4)
|
Batting: LHB Seth Smith
|
0-0: Ball 1-0: Swinging Strike 1-1: Foul Ball, location: 2F 1-2: Foul Ball, location: 2F 1-2: Strikes out swinging
|
Batting: RHB Addison Russell
|
0-0: Foul Ball, location: 2F 0-1: Ball 1-1: Ball 2-1: Fly out, F8 (Line Drive, 8RD)
|
Bottom of the 6th over - 0 runs, 0 hits, 0 errors, 0 left on base; Miami 1 - Milwaukee 4 |
TOP OF THE 7TH |
Miami Marlins batting - Pitching for Milwaukee Brewers : RHP Hisashi Iwakuma
|
Batting: LHB Max Kepler
|
0-0: Called Strike 0-1: Ball 1-1: Ground out U3 (Groundball, 3)
|
Batting: LHB Adam Frazier
|
0-0: Ball 1-0: Called Strike 1-1: Fly out, F7 (Flyball, 7)
|
Batting: RHB David Wright
|
0-0: Foul Ball, location: 2F 0-1: Ball 1-1: Foul Ball, location: 2F 1-2: DOUBLE (Flyball, 8RXD)
|
Batting: RHB Martin Maldonado
|
0-0: Foul Ball, location: 2F 0-1: Ball 1-1: Ball 2-1: Foul Ball, location: 2F 2-2: Ball 3-2: Fly out, F9 (Line Drive, 9)
|
Top of the 7th over - 0 runs, 1 hit, 0 errors, 1 left on base; Miami 1 - Milwaukee 4 |
BOTTOM OF THE 7TH |
Milwaukee Brewers batting - Pitching for Miami Marlins : RHP Tyler Clippard
|
Batting: SHB Tucker Barnhart
|
0-0: SINGLE (Line Drive, 6MD)
|
Pinch Hitting: LHB Lucas Duda
|
0-0: Swinging Strike 0-1: Swinging Strike 0-2: Ball 1-2: Strikes out looking
|
Batting: RHB Trayce Thompson
|
0-0: Ball 1-0: Foul Ball, location: 2F 1-1: Swinging Strike 1-2: Ball 2-2: Strikes out swinging
|
Batting: RHB Eugenio Suarez
|
0-0: Called Strike 0-1: 2-RUN HOME RUN (Line Drive, 7D), Distance : 379 ft
|
Batting: RHB Aaron Judge
|
0-0: Called Strike 0-1: Ball 1-1: Ball 2-1: Ball 3-1: Base on Balls
|
Batting: RHB Miguel Cabrera
|
0-0: Ball 1-0: Fly out, F4 (Line Drive, 4)
|
Bottom of the 7th over - 2 runs, 2 hits, 0 errors, 1 left on base; Miami 1 - Milwaukee 6 |
TOP OF THE 8TH |
Miami Marlins batting - Pitching for Milwaukee Brewers : RHP Hisashi Iwakuma
|
Pitching: RHP Trevor May
|
|
Pinch Hitting: LHB Alex Gordon
|
0-0: Called Strike 0-1: Ball 1-1: Foul Ball, location: 2F 1-2: Foul Ball, location: 2F 1-2: Strikes out swinging
|
Batting: LHB David Dahl
|
0-0: Ball 1-0: Swinging Strike 1-1: Fly out, F2 (Popup, 5SF)
|
Batting: RHB Javier Baez
|
0-0: Foul Ball, location: 2F 0-1: SOLO HOME RUN (Flyball, 9D), Distance : 369 ft
|
Batting: SHB Francisco Lindor
|
0-0: Ball 1-0: SINGLE (Popup, 5D)
|
Batting: RHB C.J. Cron
|
0-0: Called Strike 0-1: Foul Ball, location: 2F 0-2: Strikes out swinging
|
Top of the 8th over - 1 run, 2 hits, 0 errors, 1 left on base; Miami 2 - Milwaukee 6 |
BOTTOM OF THE 8TH |
Milwaukee Brewers batting - Pitching for Miami Marlins : RHP Tyler Clippard
|
Pitching: RHP Craig Stammen
|
|
Batting: RHB Logan Forsythe
|
0-0: Foul Ball, location: 2F 0-1: Called Strike 0-2: Foul Ball, location: 2F 0-2: Strikes out swinging
|
Batting: LHB Seth Smith
|
0-0: Called Strike 0-1: Ball 1-1: Foul Ball, location: 2F 1-2: Reached via error on a dropped throw, E3 (Groundball, 6)
|
Batting: RHB Addison Russell
|
0-0: Called Strike 0-1: Foul Ball, location: 2F 0-2: Foul Ball, location: 2F 0-2: Ball 1-2: Grounds into double play, 6-4-3 (Groundball, 6M)
|
Bottom of the 8th over - 0 runs, 0 hits, 1 error, 0 left on base; Miami 2 - Milwaukee 6 |
TOP OF THE 9TH |
Miami Marlins batting - Pitching for Milwaukee Brewers : RHP Trevor May
|
Pitching: LHP Andrew Miller
|
|
Batting: LHB Max Kepler
|
0-0: Foul Ball, location: 2F 0-1: Ball 1-1: Foul Ball, location: 2F 1-2: Ball 2-2: Ball 3-2: Strikes out looking
|
Batting: LHB Adam Frazier
|
0-0: Foul Ball, location: 2F 0-1: DOUBLE (Line Drive, 9LS)
|
Batting: RHB David Wright
|
0-0: Called Strike 0-1: Called Strike 0-2: Strikes out swinging
|
Batting: RHB Martin Maldonado
|
0-0: Foul Ball, location: 2F 0-1: Ground out 4-3 (Groundball, 4)
|
Top of the 9th over - 0 runs, 1 hit, 0 errors, 1 left on base; Miami 2 - Milwaukee 6 |
|